 Dungeon Crawl Stone Soup version 0.23.2-33-g5129a83184 (webtiles) character file.

Game seed: 14237977731968265765

33241 t4s4d4r the Black Belt (level 13, -5/89 HPs)
             Began as an Octopode Transmuter on July 11, 2019.
             Was an Initiate of Gozag.
             Slain by a catoblepas (30 damage)
             ... on level 6 of the Lair of Beasts.
             The game lasted 00:43:17 (24215 turns).

t4s4d4r the Black Belt (Octopode Transmuter)       Turns: 24215, Time: 00:43:18

Health: -5/89      AC:  2    Str: 13    XL:     13   Next: 69%
Magic:  27/29      EV: 32    Int: 24    God:    Gozag
Gold:   2630       SH:  4    Dex: 25    Spells: 11/21 levels left

rFire    + . .     SeeInvis .     - Unarmed
rCold    . . .     Gourm    .   (shield currently unavailable)
rNeg     . . .     Faith    .   (helmet currently unavailable)
rPois    .         Spirit   .   z - +4 amulet of reflection
rElec    +         Reflect  +   l - +1 ring of evasion
rCorr    .         Harm     .   k - +4 ring of strength
MR       +....                  q - +4 ring of dexterity
Stlth    ++++......             x - ring of flight
HPRegen  0.24/turn              G - ring of magical power
MPRegen  0.21/turn              e - ring of poison resistance
                                I - +4 ring of dexterity
                                N - ring of Twilight {rElec rF+ MR+ Int+3}

@: spider-form, starving
A: tiny, almost no armour, stealthy swim, (amphibious), 8 rings, (constrict 8)
a: End Transformation, Potion Petition, Call Merchant, Bribe Branch, Renounce
Religion, Evoke Flight


You were on level 6 of the Lair of Beasts.
You worshipped Gozag.
Gozag was most pleased with you.
You were starving.
You were a venomous arachnid creature.
You visited 3 branches of the dungeon, and saw 19 of its levels.

You collected 3901 gold pieces.
You spent 1184 gold pieces at shops.
You paid 87 gold pieces to Gozag.

Inventory:

Missiles
 a - 237 arrows
 b - 455 stones (quivered)
Armour
 J - a +2 buckler (melded)
Jewellery
 e - a ring of poison resistance (on tentacle)
 j - an uncursed ring of ice
 k - a +4 ring of strength (right front leg)
 l - a +1 ring of evasion (left front leg)
 q - a +4 ring of dexterity (on tentacle)
 x - a ring of flight (on tentacle)
 z - a +4 amulet of reflection (around neck)
 G - a ring of magical power (on tentacle)
 I - a +4 ring of dexterity (on tentacle)
 N - the ring of Twilight (on tentacle) {rElec rF+ MR+ Int+3}
   (You found it on level 3 of the Lair of Beasts)

   [ring of protection from magic]

   It affects your intelligence (+3).
   It protects you from fire.
   It insulates you from electricity.
   It affects your resistance to hostile enchantments.
Wands
 v - a wand of digging (12)
 A - a wand of disintegration (19)
 B - a wand of clouds (2)
 C - a wand of acid (3)
Scrolls
 i - 6 scrolls of amnesia
 o - a scroll of immolation
 p - 4 scrolls of teleportation
 r - 4 scrolls of identify
 s - 2 scrolls of enchant weapon
 w - a scroll of blinking
 y - 5 scrolls of remove curse
 H - a scroll of magic mapping {fear/hooly?, unknown}
 K - a scroll of fog
 M - a scroll of summoning
 R - a scroll of fear {unknown}
 S - a scroll of holy word {unknown}
Potions
 f - 2 potions of magic
 g - 2 potions of agility
 h - 3 potions of haste
 m - 3 potions of curing
 n - 7 potions of flight
 u - a potion of ambrosia
 D - a potion of resistance
 E - 3 potions of heal wounds
 F - a potion of invisibility
 L - a potion of might
 O - 3 potions of mutation
 P - a potion of brilliance
 Q - 2 potions of lignification
Books
 d - a manual of Armour
Miscellaneous
 t - a sack of spiders
Comestibles
 c - 15 rations


   Skills:
 + Level 8.5 Fighting
 + Level 8.7 Dodging
 - Level 8.2 Stealth
 - Level 4.0 Shields
 - Level 16.0 Unarmed Combat
 - Level 4.8 Spellcasting
 - Level 7.8 Transmutations
 - Level 2.7 Ice Magic
 - Level 2.1 Poison Magic
 - Level 4.5 Evocations


You had 11 spell levels left.
You knew the following spells:

 Your Spells              Type           Power        Failure   Level  Hunger
a - Beastly Appendage     Tmut           #####.       3%          1    None
b - Sticks to Snakes      Tmut           #####...     3%          2    None
c - Spider Form           Tmut/Pois      ####......   12%         3    ##.....
d - Ice Form              Ice/Tmut       ####....     24%         4    ####...

Your spell library contained the following spells:

 Spells                   Type           Power        Failure   Level  Hunger
 Corona                   Hex            #......      22%         1    None
 Magic Dart               Conj           #...         22%         1    None
 Poisonous Vapours        Pois/Air       ##....       22%         2    None
 Blade Hands              Tmut           #####.....   24%         5    #####..
 Searing Ray              Conj           #.....       32%         2    None
 Slow                     Hex            #.......     32%         2    None
 Mephitic Cloud           Conj/Pois/Air  #.......     41%         3    ##.....
 Conjure Flame            Conj/Fire      #.......     47%         3    ##.....
 Dazzling Spray           Conj/Hex       #.....       47%         3    ##.....
 Inner Flame              Hex/Fire       #.......     47%         3    ##.....
 Portal Projectile        Hex/Tloc       #.....       47%         3    ##.....
 Cause Fear               Hex            #.........   83%         4    ####...
 Force Lance              Conj/Tloc      #.......     83%         4    ####...
 Fulminant Prism          Conj/Hex       #.........   83%         4    ####...
 Iskenderun's Mystic Bla  Conj           #.......     83%         4    ####...
 Leda's Liquefaction      Hex/Erth       #.........   83%         4    ####...
 Freezing Cloud           Conj/Ice/Air   ##........   100%        6    #######
 Ring of Flames           Chrm/Fire      #.........   100%        7    #######


Dungeon Overview and Level Annotations

Branches:
Dungeon (12/15)            Temple (1/1) D:6            Lair (6/6) D:8
 Spider (0/4) Lair:4        Slime (0/5) Lair:5
  Swamp: Lair:2-4    Shoals: Lair:2-4       Orc: D:9-12

Altars:
Ashenzari
Cheibriados
Dithmenos
Elyvilon
Fedhas
Gozag
Hepliaklqana
Kikubaaqudgha
Makhleb
Nemelex Xobeh
Okawaru
Qazlal
Ru
Sif Muna
Trog
Uskayaw
Vehumet
Wu Jian
Xom
Yredelemnul
Zin
The Shining One
Jiyva

Shops:
D:10 =

Annotations:
D:4 3 runed translucent doors, OwlQaeda's ghost, amateur DDNe
D:6 1 runed translucent door, Crazy Yiuf
D:9 2 transporters, vishdafish's ghost, novice OpFi
D:11 1 transporter
Lair:1 1 exclusion
Lair:2 exclusion: hydra
Lair:3 exclusion: hydra


Innate Abilities, Weirdness & Mutations

You cannot wear most types of armour.
You are very stealthy in the water. (Stealth+)
((You are amphibious.))
You can wear up to eight rings at the same time.
((You can use your tentacles to constrict eight enemies at once.))
((Your skin changes colour to match your surroundings (Stealth+).))
((Your rubbery body absorbs attacks. (AC +1, EV +1)))


Message History

You block the catoblepas's attack.
You maul the catoblepas!!
The catoblepas looks as sick as possible!
The catoblepas is heavily wounded.
The catoblepas breathes a plume of calcifying dust at you.
The blast of calcifying dust hits you.
You hit the catoblepas but do no damage.
The catoblepas looks as sick as possible!
The catoblepas is heavily wounded.
You are engulfed in calcifying dust.
The catoblepas completely misses you. The catoblepas gores you!!
* * * LOW HITPOINT WARNING * * *
You hit the catoblepas.
The catoblepas looks as sick as possible!
The catoblepas is severely wounded.
You bite the catoblepas!
The catoblepas is severely wounded.
The catoblepas gores you!!
You die...
Your body crumbles into a pile of gold.

##.....#.........
#######....P.#. ##...###
##....# .. #....## ### ...
##...#.## #.## ....
#.....#.#####.######... #.
##.#..#.#.##....#...#...
#..#.#....s.....<..........
.....§§§§§§Y...............
...........######.#.##.#...
##..#.#....# #######....
#.#.##...## #.#... .# #.##
#...# ##.... h.## ....##
#P.... ...## .#....# ##....
.P.÷.###?....## #....


You could see a catoblepas.

Vanquished Creatures
  A hydra (Lair:2)
  3 two-headed ogres
  A queen ant (D:10)
  A death yak (Lair:5)
  Sonja (Lair:1)
  Pikel (D:6)
  7 black mambas
  Joseph (D:7)
  A torpor snail (Lair:2)
  2 spiny frogs
  A rime drake (Lair:5)
  4 komodo dragons
  3 trolls
  A jumping spider (Lair:4)
  3 dream sheep (Lair:2)
  9 blink frogs
  6 hippogriffs
  2 redbacks (Lair:4)
  A spriggan (Lair:2)
  3 wyverns
  26 yaks
  4 hogs (D:7)
  A human (D:7)
  A hungry ghost (D:7)
  19 soldier ants (D:10)
  14 water moccasins
  4 porcupines
  3 orc warriors
  2 sky beasts
  A black bear (D:10)
  A slave (D:6)
  An ice beast (D:6)
  7 ogres
  2 phantoms
  7 wolves
  6 centaurs
  4 big kobolds
  15 crocodiles
  16 bullfrogs
  2 wyvern skeletons
  4 scorpions
  7 wights (D:11)
  7 howler monkeys
  3 crimson imps
  5 hounds
  3 jellies
  6 orc priests
  21 orc wizards
  3 centaur skeletons
  A gnoll shaman (D:7)
  27 worker ants
  9 hell rats (Lair:1)
  2 hound skeletons
  3 worker ant zombies
  8 gnolls
  A howler monkey skeleton (D:9)
  9 adders
  3 river rats (Lair:1)
  A shadow imp (D:5)
  An ooze (D:1)
  3 adder skeletons
  3 worms
  2 dart slugs
  6 leopard geckos
  54 orcs
  8 giant cockroaches
  10 goblins
  7 hobgoblins
  8 jackals
  26 kobolds
  7 quokkas
  A ball python (D:2)
  15 bats
  6 frilled lizards
  A quokka skeleton (D:4)
  11 rats
  A bush (Lair:3)
  4 plants
485 creatures vanquished.

Vanquished Creatures (collateral kills)
  An adder (D:3)
  A fungus (Lair:1)
2 creatures vanquished.

Vanquished Creatures (others)
  16 fungi
  12 plants
28 creatures vanquished.

Grand Total: 515 creatures vanquished

Notes
Turn   | Place    | Note
-------+----------+-------------------------------------------
     0 | D:1      | t4s4d4r the Octopode Transmuter began the quest for the
                  | Orb.
     0 | D:1      | Reached XP level 1. HP: 13/13 MP: 3/3
   292 | D:1      | Reached XP level 2. HP: 16/18 MP: 5/5
   490 | D:1      | Reached skill level 4 in Unarmed Combat
   663 | D:1      | Reached XP level 3. HP: 12/23 MP: 6/6
  1196 | D:1      | Learned a level 2 spell: Sticks to Snakes
  1200 | D:1      | Learned a level 3 spell: Spider Form
  1558 | D:2      | Reached XP level 4. HP: 15/28 MP: 7/7
  2133 | D:3      | Reached skill level 5 in Unarmed Combat
  3088 | D:2      | Reached skill level 1 in Poison Magic
  3088 | D:2      | Reached XP level 5. HP: 2/33 MP: 8/8
  4436 | D:4      | Noticed an ogre
  4452 | D:4      | Killed an ogre
  4452 | D:4      | Reached XP level 6. HP: 38/38 MP: 6/9
  4771 | D:4      | Reached skill level 6 in Unarmed Combat
  5178 | D:4      | Reached XP level 7. HP: 42/43 MP: 6/10
  5245 | D:4      | Reached skill level 7 in Unarmed Combat
  5316 | D:4      | Noticed OwlQaeda's ghost (amateur DDNe)
  5319 | D:4      | Found a runed translucent gate.
  5319 | D:4      | Found a runed translucent gate.
  5320 | D:4      | Found a runed translucent gate.
  5484 | D:4      | Found a white marble altar of Elyvilon.
  5485 | D:4      | Found a bloodstained altar of Trog.
  5488 | D:4      | Found a sacrificial altar of Ru.
  5564 | D:4      | Found a basalt altar of Yredelemnul.
  5711 | D:5      | Entered Level 5 of the Dungeon
  5792 | D:4      | Reached skill level 13 in Unarmed Combat
  5792 | D:4      | Reached XP level 8. HP: 48/48 MP: 11/11
  5793 | D:4      | Reached skill level 16 in Unarmed Combat
  5793 | D:4      | Reached XP level 9. HP: 53/53 MP: 12/12
  6515 | D:5      | Learned a level 4 spell: Ice Form
  6555 | D:6      | Found a staircase to the Ecumenical Temple.
  6563 | Temple   | Entered the Ecumenical Temple
  6722 | Temple   | Became a worshipper of Gozag Ym Sagoz the Greedy
  7393 | D:6      | Reached XP level 10. HP: 61/61 MP: 9/13
  7851 | D:6      | Found a runed translucent door.
  7852 | D:6      | Noticed Crazy Yiuf
  7934 | D:6      | Noticed Pikel
  7972 | D:6      | Killed Pikel
  9387 | D:7      | Noticed Joseph
  9408 | D:7      | Killed Joseph
  9408 | D:7      | Reached skill level 5 in Dodging
 10346 | D:8      | Found a staircase to the Lair.
 10530 | D:8      | Reached skill level 5 in Fighting
 10665 | D:8      | Reached XP level 11. HP: 57/72 MP: 11/14
 11750 | D:9      | Found a transporter.
 11828 | D:9      | Noticed a moth of wrath
 11924 | D:9      | Found a transporter.
 11926 | D:9      | Noticed vishdafish's ghost (novice OpFi)
 11999 | D:10     | Entered Level 10 of the Dungeon
 12040 | D:10     | Noticed a two-headed ogre
 12087 | D:10     | Killed a two-headed ogre
 12810 | D:10     | Found Gourph's Jewellery Emporium.
 12867 | D:10     | Bought an uncursed ring of poison resistance for 320 gold
                  | pieces
 12867 | D:10     | Bought a +4 ring of strength for 432 gold pieces
 12867 | D:10     | Bought a +4 ring of dexterity for 432 gold pieces
 13297 | D:10     | Noticed a queen ant
 13545 | D:10     | Killed a queen ant
 14102 | D:11     | Noticed a two-headed ogre
 14112 | D:11     | Killed a two-headed ogre
 14112 | D:11     | Reached XP level 12. HP: 64/81 MP: 15/19
 14194 | D:11     | Reached skill level 1 in Stealth
 14363 | D:11     | Noticed a catoblepas
 14387 | D:11     | Noticed a two-headed ogre
 14395 | D:11     | Killed a two-headed ogre
 14556 | D:11     | Reached skill level 5 in Stealth
 15075 | D:11     | Noticed a fire giant
 15076 | D:11     | Found a sparkling altar of Nemelex Xobeh.
 15076 | D:11     | Found a transporter.
 16489 | Lair:1   | Entered Level 1 of the Lair of Beasts
 16497 | Lair:1   | Reached skill level 1 in Shields
 16679 | Lair:1   | Noticed Sonja
 17375 | Lair:1   | HP: 4/82 [black mamba (18)]
 17447 | Lair:1   | HP: 3/98 [black mamba (12)]
 17818 | Lair:1   | Killed Sonja
 18740 | Lair:2   | Noticed an eight-headed hydra
 19186 | Lair:2   | Noticed a four-headed hydra
 19193 | Lair:2   | Killed a four-headed hydra
 19193 | Lair:2   | Reached XP level 13. HP: 56/89 MP: 20/20
 19867 | Lair:3   | Reached skill level 5 in Transmutations
 20081 | Lair:3   | Got a clouded golden ring
 20082 | Lair:3   | Identified the ring of Twilight {rElec rF+ MR+ Int+3} (You
                  | found it on level 3 of the Lair of Beasts)
 20590 | Lair:3   | Identified a scroll of acquirement
 20780 | Lair:4   | Found a hole to the Spider Nest.
 20862 | Lair:4   | Reached skill level 1 in Ice Magic
 21686 | Lair:5   | Found a deep blue altar of Sif Muna.
 21739 | Lair:5   | Reached skill level 1 in Evocations
 22870 | Lair:5   | Found a staircase to the Slime Pits.
 22996 | Lair:5   | Found a viscous altar of Jiyva.
 23194 | Lair:6   | Entered Level 6 of the Lair of Beasts
 24215 | Lair:6   | Slain by a catoblepas

Skill      XL: |  1  2  3  4  5  6  7  8  9 10 11 12 13 |
---------------+----------------------------------------+-----
Unarmed Combat | 4 5 6 13 16 | 16.0
Poison Magic   | 1 2 |  2.1
Transmutations | 4 7 |  7.8
Fighting       | 2 5 7 8 |  8.5
Dodging        | 3 5 7 8 |  8.7
Spellcasting   | 4 |  4.8
Stealth        | 8 |  8.2
Shields        | 3 4 |  4.0
Ice Magic      | 2 |  2.7
Evocations     | 4 |  4.5

Action                   |  1- 3 |  4- 6 |  7- 9 | 10-12 | 13-15 || total
-------------------------+-------+-------+-------+-------+-------++-------
Melee: Unarmed           |     8 |    17 |   122 |   776 |   307 ||  1230
       Short sword       |    84 |   141 |       |       |       ||   225
       Tentacles         |    15 |    20 |     5 |    94 |    56 ||   190
       Constrict         |    23 |    34 |    14 |    85 |    25 ||   181
       Punch             |       |     9 |     3 |    51 |    46 ||   109
       Kick              |       |       |     2 |    13 |       ||    15
Throw: Stone             |       |     1 |       |     3 |     1 ||     5
 Cast: Spider Form       |       |     3 |     9 |    34 |     7 ||    53
       Sticks to Snakes  |       |     3 |       |     8 |       ||    11
       Beastly Appendage |       |       |     2 |     3 |       ||     5
       Ice Form          |       |       |       |     4 |     3 ||     7
Evoke: Wand              |       |       |       |     6 |       ||     6
  Use: Scroll            |     6 |     2 |     3 |    10 |    11 ||    32
       Potion            |       |       |     2 |     4 |       ||     6
 Stab: Sleeping          |     6 |     4 |     1 |    11 |    14 ||    36
       Distracted        |       |       |       |     7 |     4 ||    11
       Confused          |       |       |       |     1 |       ||     1
  Eat: Chunk             |     2 |    11 |     6 |     2 |       ||    21
       Ration            |       |       |     1 |    12 |     4 ||    17
Armor: Skin              |    23 |    14 |     1 |    18 |     3 ||    59
Dodge: Dodged            |    77 |   105 |    74 |   493 |   135 ||   884
Block: Other             |       |       |       |    77 |     6 ||    83
       Reflection        |       |       |       |     7 |       ||     7
       Buckler           |       |       |       |    10 |    54 ||    64
